Map: Stranded Isles

Players

Барсук - Winner!

  • Race: Protoss Protoss
  • League: Silver
  • Spawn Location: 12:00

healing - Winner!

  • Race: Protoss Protoss
  • Spawn Location: 9:00

tglanz - Winner!

  • Race: Terran Terran
  • Spawn Location: 12:00

VOD

Have the link to the VOD?

Description

Time

  • Played on: June 18, 2018, 2:21 p.m.
  • Length: 20:26
Show
View Real Time Build Order
Export as new Build Order

Барсук Protoss - Winner!

Build Orders:  

Get SALT Encoding   

  12  0:01  Probe (Chrono Boost)  
  13  0:12  Probe (Chrono Boost)  
  14  0:26  Probe (Chrono Boost)  
  15  0:32  Pylon  
  16  1:00  Probe (Chrono Boost), Gateway  
  16  1:13  Assimilator  
  16  1:17  Probe (Chrono Boost)  
  17  1:22  Assimilator  
  17  1:30  Probe (Chrono Boost)  
  18  1:42  Probe (Chrono Boost)  
  18  1:48  Pylon  
  19  1:55  Probe (Chrono Boost)  
  20  2:08  Cybernetics Core  
  20  2:16  Probe (Chrono Boost)  
  21  2:20  Zealot  
  23  2:32  Probe (Chrono Boost)  
  24  2:49  Probe (Chrono Boost)  
  25  2:58  Zealot  
  27  3:16  Nexus  
  27  3:20  Assimilator  
  27  3:30  Robotics Facility  
  27  3:43  Pylon  
  27  4:16  Probe (Chrono Boost)  
  28  4:31  Forge  
  28  4:33  Probe (Chrono Boost)  
  28  4:35  Twilight Council  
  29  4:44  Pylon  
  30  4:50  Probe (Chrono Boost)  
  30  5:02  Immortal  
  30  5:07  Probe (Chrono Boost)  
  35  5:19  Robotics Bay  
  35  5:20  Probe (Chrono Boost)  
  35  5:21  Probe (Chrono Boost)  
  37  5:31  Probe (Chrono Boost)  
  37  5:32  Probe (Chrono Boost)  
  39  5:44  Probe x2 (Chrono Boost)  
  43  6:00  Probe (Chrono Boost)  
  43  6:01  Probe (Chrono Boost)  
  43  6:02  Pylon  
  43  6:25  Probe x2 (Chrono Boost)  
  45  6:36  Probe x2 (Chrono Boost)  
  47  6:40  Immortal  
  47  6:49  Probe (Chrono Boost)  
  42  6:50  Probe (Chrono Boost)  
  51  6:53  Assimilator  
  53  7:06  Probe x2 (Chrono Boost)  
  53  7:07  Charge  
  55  7:13  Zealot  
  57  7:23  Probe x2 (Chrono Boost)  
  57  7:24  Pylon  
  57  7:29  Pylon  
  59  7:33  Pylon  
  59  7:35  Colossus  
  65  7:51  Stalker  
  67  8:00  Nexus  
  67  8:05  Assimilator  
  67  8:12  Assimilator  
  67  8:30  Stargate  
  67  8:33  Stargate  
  67  8:36  Stargate  
  67  8:51  Protoss Shields Level 1  
  67  9:08  Pylon  
  67  9:10  Pylon  
  67  9:14  Protoss Air Weapons Level 1  
  67  9:18  Immortal  
  71  9:25  Zealot  
  73  9:49  Fleet Beacon  
  73  9:50  Probe (Chrono Boost)  
  73  9:51  Probe (Chrono Boost)  
  73  9:52  Probe (Chrono Boost)  
  76  10:01  Probe (Chrono Boost)  
  76  10:02  Probe (Chrono Boost)  
  76  10:04  Probe (Chrono Boost)  
  79  10:11  Extended Thermal Lance  
  79  10:15  Probe x3 (Chrono Boost)  
  79  10:16  Stalker  
  79  10:19  Immortal  
  90  10:31  Probe (Chrono Boost)  
  90  10:32  Probe x2 (Chrono Boost)  
  91  10:48  Probe (Chrono Boost)  
  91  10:49  Probe x2 (Chrono Boost)  
  94  11:12  Carrier x2  
  94  11:15  Nexus  
  94  11:18  Assimilator  
  106  11:20  Zealot  
  106  11:24  Assimilator  
  108  11:31  Protoss Ground Weapons Level 1  
  108  11:57  Zealot  
  102  12:25  Immortal  
  106  12:30  Carrier  
  106  12:35  Zealot  
  114  13:13  Zealot  
  114  13:20  Immortal  
  114  13:27  Carrier  
  122  13:51  Zealot  
  120  14:15  Immortal  
  124  14:20  Carrier  
  124  14:29  Zealot  
  132  14:30  Carrier  
  138  14:45  Probe (Chrono Boost)  
  139  14:57  Probe (Chrono Boost)  
  139  15:07  Stalker  
  139  15:09  Probe (Chrono Boost)  
  134  15:10  Immortal  
  133  15:26  Probe (Chrono Boost)  
  133  15:27  Carrier  
  140  16:41  Pylon  
  140  16:42  Pylon  
  140  16:44  Stalker, Pylon  
  140  16:45  Probe (Chrono Boost)  
  140  16:46  Pylon  
  140  16:48  Pylon  
  137  16:50  Pylon  
  137  16:52  Pylon  
  137  17:06  Carrier, Immortal  
  147  17:26  Stalker  
  147  17:28  Carrier  
  147  17:29  Carrier  
  161  18:01  Immortal  
  161  18:08  Zealot  
  167  18:46  Zealot  
  169  18:56  Immortal  
  179  19:24  Zealot  
Show
View Real Time Build Order
Export as new Build Order

healing Protoss - Winner!

Build Orders:  

Get SALT Encoding   

  12  0:18  Probe (Chrono Boost)  
  13  0:35  Probe (Chrono Boost)  
  14  0:52  Probe (Chrono Boost), Pylon  
  14  0:54  Pylon  
  15  1:06  Pylon  
  15  1:45  Nexus  
  15  2:07  Probe (Chrono Boost)  
  15  2:08  Forge  
  16  2:18  Probe (Chrono Boost)  
  17  2:31  Probe (Chrono Boost)  
  18  2:48  Probe (Chrono Boost)  
  19  2:52  Gateway  
  19  2:56  Photon Cannon  
  19  3:05  Probe (Chrono Boost)  
  19  3:06  Assimilator  
  20  3:11  Assimilator  
  20  3:27  Probe (Chrono Boost)  
  20  3:28  Probe (Chrono Boost)  
  22  3:36  Photon Cannon  
  22  3:45  Photon Cannon  
  22  3:57  Probe (Chrono Boost)  
  22  3:58  Probe (Chrono Boost)  
  24  4:21  Nexus  
  24  4:27  Probe (Chrono Boost)  
  24  4:28  Probe (Chrono Boost)  
  26  4:44  Probe (Chrono Boost)  
  26  4:45  Probe (Chrono Boost)  
  29  5:01  Probe (Chrono Boost)  
  29  5:02  Probe (Chrono Boost)  
  30  5:13  Cybernetics Core  
  30  5:18  Probe (Chrono Boost), Pylon  
  30  5:19  Probe (Chrono Boost)  
  32  5:28  Assimilator  
  32  5:30  Assimilator  
  32  5:35  Probe (Chrono Boost)  
  32  5:36  Probe (Chrono Boost)  
  34  5:52  Probe (Chrono Boost)  
  34  5:53  Probe (Chrono Boost)  
  34  5:57  Protoss Shields Level 1  
  36  6:09  Probe (Chrono Boost)  
  39  6:10  Probe x2 (Chrono Boost)  
  39  6:24  Twilight Council  
  39  6:26  Probe (Chrono Boost)  
  39  6:27  Probe x2 (Chrono Boost)  
  42  7:17  Probe x3 (Chrono Boost)  
  45  7:34  Probe x3 (Chrono Boost)  
  45  7:39  Warp Gate  
  51  7:50  Probe (Chrono Boost)  
  51  7:51  Probe x2 (Chrono Boost)  
  51  8:07  Probe (Chrono Boost)  
  51  8:08  Probe x2 (Chrono Boost)  
  54  8:24  Assimilator, Probe (Chrono Boost)  
  54  8:25  Probe x2 (Chrono Boost)  
  54  8:29  Assimilator  
  57  8:35  Stargate  
  57  8:36  Stargate  
  57  8:37  Stargate  
  60  8:40  Stargate  
  60  8:41  Probe (Chrono Boost)  
  60  8:42  Probe x2 (Chrono Boost), Stargate  
  60  8:51  Robotics Facility  
  60  8:56  Cybernetics Core  
  60  8:58  Probe (Chrono Boost), Photon Cannon  
  60  8:59  Probe (Chrono Boost)  
  62  9:00  Shield Battery  
  62  9:02  Shield Battery  
  62  9:04  Shield Battery  
  62  9:08  Shield Battery  
  63  9:12  Probe (Chrono Boost)  
  63  9:15  Probe x2 (Chrono Boost)  
  65  9:27  Nexus  
  65  9:31  Assimilator  
  65  9:34  Protoss Shields Level 2  
  65  9:36  Assimilator  
  68  9:40  Probe x2 (Chrono Boost)  
  68  9:41  Probe (Chrono Boost)  
  68  9:42  Protoss Air Armor Level 1, Protoss Air Weapons Level 1  
  68  9:46  Nexus  
  68  9:50  Assimilator  
  68  9:55  Fleet Beacon  
  68  9:56  Assimilator  
  68  9:57  Probe (Chrono Boost)  
  68  9:59  Pylon  
  72  10:20  Probe (Chrono Boost)  
  72  10:21  Probe x2 (Chrono Boost)  
  75  10:41  Probe x2 (Chrono Boost)  
  75  10:42  Probe (Chrono Boost)  
  75  11:04  Carrier  
  75  11:07  Carrier x2  
  93  11:10  Carrier  
  99  11:22  Pylon  
  99  11:24  Pylon  
  99  11:27  Pylon  
  99  11:30  Pylon  
  99  11:33  Pylon  
  99  11:45  Probe (Chrono Boost)  
  99  11:46  Probe (Chrono Boost)  
  104  11:51  Probe x3 (Chrono Boost)  
  104  12:02  Probe (Chrono Boost)  
  104  12:08  Probe x2 (Chrono Boost)  
  104  12:09  Graviton Catapult  
  121  12:32  Probe (Chrono Boost)  
  121  12:33  Probe (Chrono Boost)  
  121  12:34  Probe x2 (Chrono Boost)  
  125  12:45  Pylon  
  125  12:48  Pylon  
  125  12:49  Probe (Chrono Boost)  
  126  12:51  Pylon  
  126  12:55  Photon Cannon  
  126  12:57  Photon Cannon  
  126  12:59  Photon Cannon  
  126  13:00  Photon Cannon  
  126  13:01  Protoss Air Armor Level 2, Protoss Air Weapons Level 2, Photon Cannon  
  126  13:06  Protoss Shields Level 3, Photon Cannon  
  126  13:08  Shield Battery  
  126  13:11  Shield Battery  
  126  13:12  Shield Battery  
  126  13:16  Shield Battery  
  126  13:17  Shield Battery  
  126  13:18  Carrier x2  
  132  13:44  Carrier  
  132  13:47  Carrier  
  132  13:49  Carrier  
  150  14:26  Unknown  
  150  14:49  Pylon  
  150  14:53  Pylon  
  150  14:55  Pylon  
  150  14:59  Pylon  
  150  15:01  Gateway  
  150  15:04  Gateway  
  150  15:08  Carrier x2, Gateway  
  150  15:10  Gateway  
  150  15:16  Gateway  
  150  15:17  Gateway  
  95  15:40  Carrier  
  162  15:47  Carrier  
  162  15:49  Carrier  
  180  17:08  Carrier x2  
Show
View Real Time Build Order
Export as new Build Order

tglanz Terran - Winner!

Build Orders:  

Get SALT Encoding   

  12  0:01  SCV  
  13  0:18  SCV  
  14  0:29  Supply Depot  
  14  0:35  SCV  
  15  0:44  Refinery  
  15  0:59  SCV  
  16  1:08  Barracks  
  16  1:16  SCV  
  17  1:33  SCV  
  18  1:50  SCV  
  19  2:14  Orbital Command  
  19  2:18  Factory  
  19  2:25  Refinery  
  19  2:30  Marine  
  19  2:37  Supply Depot  
  20  2:51  SCV  
  21  3:13  Command Center  
  21  3:25  SCV  
  22  3:33  Barracks Tech Lab  
  22  3:34  Factory Tech Lab  
  22  3:50  Starport  
  22  4:00  Barracks  
  22  4:03  Widow Mine  
  22  4:04  Stimpack  
  22  4:16  SCV  
  25  4:27  Marine  
  26  4:39  SCV  
  27  4:50  Siege Tank  
  27  4:53  Starport Reactor  
  30  5:01  Refinery  
  30  5:04  Siege Tank  
  30  5:08  Orbital Command  
  30  5:16  Barracks Reactor  
  30  5:23  SCV  
  31  5:55  SCV x2  
  33  6:00  Supply Depot  
  33  6:02  Siege Tank  
  33  6:05  Medivac  
  33  6:06  Widow Mine  
  38  6:10  Marine x3  
  43  6:21  SCV x2  
  45  6:31  Supply Depot  
  45  6:38  SCV x2  
  47  6:51  Siege Tank  
  47  7:06  Unknown, SCV x2  
  49  7:23  SCV x2  
  51  7:42  SCV x2  
  53  7:50  Siege Tank  
  53  7:51  Engineering Bay  
  53  7:58  Engineering Bay, Barracks  
  53  7:59  SCV x2, Barracks  
  55  8:00  Barracks  
  55  8:01  Siege Tank, Supply Depot  
  55  8:04  Refinery  
  55  8:05  Marine  
  55  8:06  Marine x2  
  55  8:07  Siege Tank  
  61  8:31  Medivac x2  
  61  8:39  Command Center  
  65  8:54  Siege Tank  
  65  8:58  Terran Infantry Weapons Level 1, Terran Infantry Armor Level 1  
  68  9:15  Armory  
  68  9:16  Fusion Core  
  68  9:18  SCV x2  
  68  9:19  Armory  
  70  9:32  Siege Tank, Barracks Tech Lab  
  70  9:33  Siege Tank, Barracks Tech Lab  
  70  9:34  Barracks Reactor  
  70  10:13  Supply Depot  
  70  10:14  Supply Depot  
  70  10:15  Supply Depot  
  70  10:16  Supply Depot  
  70  10:19  Marine x2  
  72  10:33  SCV x2  
  72  10:39  Orbital Command  
  74  10:53  Supply Depot  
  74  10:58  Supply Depot  
  74  10:59  Supply Depot  
  74  11:01  Starport  
  74  11:08  Marine x2  
  74  11:09  Marine x3  
  79  11:10  Siege Tank, Marine x2  
  81  11:24  Terran Ship Weapons Level 1, Terran Vehicle Weapons Level 1  
  81  11:28  Siege Tank  
  81  11:33  Marine x2  
  81  11:34  Marine x3  
  81  11:35  Marine x2  
  81  11:36  Medivac  
  81  11:37  Medivac  
  81  11:39  Siege Tank x2  
  95  11:40  Siege Tank  
  95  11:43  Unknown  
  95  11:58  Siege Tank x2, Marine x2  
  95  11:59  Siege Tank, Marine x3  
  94  12:00  Marine x2  
  94  12:17  SCV x3  
  97  12:23  Marine x3  
  97  12:24  Marine x2  
  97  12:25  Marine  
  103  12:34  Refinery x2  
  103  13:05  Siege Tank x4  
  84  13:21  Unknown  
  84  13:28  Marine x3  
  84  13:29  Marine x4  
  91  13:35  Starport Tech Lab  
  91  13:36  Unknown  
  91  13:39  Unknown  
  91  13:41  Supply Depot  
  91  13:43  Supply Depot  
  91  13:45  Supply Depot  
  91  13:47  SCV  
  91  13:48  SCV x2  
  94  13:53  Marine x3  
  94  13:54  Marine x2  
  94  13:56  Supply Depot  
  94  14:12  Siege Tank x4  
  92  14:28  Terran Infantry Weapons Level 2  
  92  14:29  Terran Infantry Armor Level 2  
  92  14:30  Terran Vehicle Weapons Level 2, Terran Ship Weapons Level 2  
  92  14:31  Supply Depot  
  92  14:33  Marine  
  92  14:34  Supply Depot x2, Marine x6  
  99  14:47  Siege Tank x3  
  99  14:55  Supply Depot  
  99  14:58  Marine  
  99  14:59  Marine x6  
  106  15:36  Marine x2  
  106  15:37  Marine x4  
  103  16:47  Marine  
  103  16:48  Marine x2  
  103  16:49  Marine x4  
  106  16:56  Thor  
  114  17:05  SCV x3  
  115  17:12  Marine  
  115  17:13  Marine x3  
  115  17:14  Marine x3  
  117  17:26  Siege Tank x2  
  112  17:57  Unknown, Supply Depot x3  
  112  17:58  Unknown  
  112  18:03  Supply Depot  
  111  18:14  Command Center  
  111  18:22  Command Center  
  111  18:45  Siege Tank x2  
  111  19:00  Command Center x2  
  111  19:02  Command Center  
Tags
 
Add a new tag
Caveats
  • Supply blocks, unpowered buildings, or Contaminate may cause inaccurate times.
  • Supply counts are checked every 10 seconds.